 Dungeon Crawl Stone Soup version 0.29.1-13-g9f3cf754e1 (webtiles) character file.

Game seed: 16421482210609642692

5 croobank the Sneak (level 1, 0/16 HPs)
             Began as an Octopode Delver on Feb 7, 2023.
             Slain by an adder (4 damage)
             ... on level 4 of the Dungeon.
             The game lasted 00:01:17 (87 turns).

croobank the Sneak (Octopode Delver)                  Turns: 87, Time: 00:01:17

Health: 0/16       AC:  1    Str: 11    XL:     1   Next: 80%
Magic:  1/1        EV: 13    Int: 12    God:
Gold:   0          SH:  0    Dex: 13    Spells: 0/0 levels left

rFire   . . .      SeeInvis .   a - +0 hand axe
rCold   . . .      Faith    .   (no shield)
rNeg    . . .      Spirit   .   (helmet restricted)
rPois   .          Reflect  .   (no amulet)
rElec   .          Harm     .   (no ring)
rCorr   .          Rampage  .   (no ring)
Will    .....                   (no ring)
Stlth   ++++......              (no ring)
HPRegen 0.05/turn               (no ring)
MPRegen 0.07/turn               (no ring)
                                (no ring)
                                (no ring)

@: lethally poisoned (0 -> -2), hasted, very quick
A: almost no armour, amphibious, 8 rings, camouflage 1, gelatinous body 1,
(nimble swimmer 1), tentacles
a: no special abilities


You were on level 4 of the Dungeon.
You visited 1 branch of the dungeon, and saw 3 of its levels.

Inventory:

Hand Weapons
 a - a +0 hand axe (weapon)
Wands
 f - a wand of digging (3)
Scrolls
 b - a scroll of fog
 c - a scroll of magic mapping
 d - a scroll of fear
 g - a scroll of teleportation {unknown}
 i - a scroll of poison {unknown}
Potions
 h - a potion of attraction {unknown}


   Skills:
 + Level 3.0 Fighting
 + Level 2.1 Axes
 + Level 2.1 Dodging
 + Level 6.6 Stealth
 + Level 0.2 Spellcasting


You couldn't memorise any spells.
You didn't know any spells.
Your spell library contained the following spells:

 Spells                   Type           Power      Damage    Failure   Level
 Ignite Poison            Fire/Tmut/Pois 0%         N/A       69%         3
 Mephitic Cloud           Conj/Pois/Air  0%         N/A       69%         3
 Freezing Cloud           Conj/Ice/Air   0%         6-21      100%        5


Dungeon Overview and Level Annotations

Branches:
Dungeon (6/15)
 Temple: D:4-7

Altars:

Shops:
D:4 (=


Innate Abilities, Weirdness & Mutations

You cannot wear most types of armour.
You are amphibious.
You can wear up to eight rings at the same time.
Your skin changes colour to match your surroundings (Stealth+).
Your rubbery body absorbs attacks. (AC +1, EV +1)
((You are camouflaged when in or above water. (Stealth+)))
You have tentacles for arms and can constrict up to eight enemies at once.


Message History

No target in view!
An adder and a giant cockroach come into view.
There is an entrance to Tabbu Jage's Weapon Emporium here.
You can access your shopping list by pressing '$'.
h - a metallic orange potion A scorpion comes into view.
Found Ucakied's Jewellery Emporium.
Found a scroll labelled IKHIYJ HEHUAN.
You closely miss the giant cockroach. Your grab misses the giant cockroach.
The giant cockroach bites you.
You barely miss the giant cockroach. Your grab misses the giant cockroach.
You squeeze the giant cockroach.
The giant cockroach is heavily wounded.
The giant cockroach closely misses you. The giant cockroach barely misses you.
You closely miss the giant cockroach. You grab the giant cockroach.
You squeeze the giant cockroach.
You kill the giant cockroach!
You see here a scroll labelled CEREOS NEHEUTU.
i - a scroll labelled CEREOS NEHEUTU The adder hisses angrily.
The adder closely misses you.
Okay, then.
You hit the adder. Your grab misses the adder. Your squeeze misses the adder.
The adder is lightly wounded.
The adder bites you.
You hit the adder but do no damage. You grab the adder.
The adder is lightly wounded.
You constrict the adder. The adder bites you.
You are poisoned.
The adder poisons you! The adder bites you.
You hit the adder.
The adder is moderately wounded.
You constrict the adder.
You feel sick. The adder bites you.
You barely miss the adder.
The adder is moderately wounded.
You constrict the adder.
You feel sick. The adder misses you. The adder bites you but does no damage.
You feel yourself speed up.
You constrict the adder.
You feel sick. The adder bites you.
You die...

####.∩..#
#...⌠.⌠.# .
#.......#.#
#..........
#.
#.........# .
#.†...?####
#.#####s.##.#
#.#.>.#S## .#
#.....#@##..#
###...#.†..#
##......####
###...≈≈≈##
#...#~†≈≈≈#
#.#....∩≈≈#
#.###~~≈≈≈# .
##.≈≈≈####
###..........


You could see a scorpion and an adder.

Vanquished Creatures
  A dart slug (D:4)
  A ball python (D:4)
  A giant cockroach (D:4)
3 creatures vanquished.

Notes
Turn   | Place    | Note
-------+----------+-------------------------------------------
     0 | D:5      | croobank the Octopode Delver began the quest for the Orb.
     0 | D:5      | Reached XP level 1. HP: 16/16 MP: 1/1
    15 | D:6      | Noticed a jelly
    15 | D:6      | Noticed an iguana
    35 | D:4      | Found Tabbu Jage's Weapon Emporium.
    68 | D:4      | Found Ucakied's Jewellery Emporium.
    68 | D:4      | Noticed a scorpion
    87 | D:4      | Slain by an adder

Illustrated notes

Levels and vault maps discovered:
D:4:      layout_rooms, minmay_temple_entry_poolview, serial_shops, shop,
          nicolae_shop_stone, shop_fountains, nicolae_shop_waterfront,
          kennysheep_generic_room_11
D:5:      layout_cave_pods
D:6:      layout_cave_pods, ebering_ghost_inner_flame, uniq_duvessa

Action                   || total
-------------------------++-------
Melee: Hand axe          ||     9
       Constrict         ||     3
       Tentacles         ||     2
  Use: Potion            ||     1
 Stab: Sleeping          ||     1
Armor: Skin              ||     1
Dodge: Dodged            ||     5
